3A
LOUISIANA DRAGOONS @ HAMMOND HERONS
09/01/2027
 
TOP OF THE 1ST
Louisiana Dragoons batting - Pitching for Hammond Herons : RHP Ernest Hawks
Pitching: RHP Ernest Hawks
Batting: SHB Ed Blackett 0-0: Fly out, F9 (Line Drive, 9)
Batting: RHB Harry Gibson 0-0: Fly out, F9 (Flyball, 89M)
Batting: RHB Holden Markoff 0-0: Swinging Strike
0-1: Ball
1-1: SINGLE (Groundball, 56D)
Batting: RHB José Luque Pickoff Throw to First - Out!
Top of the 1st over - 0 run(s), 1 hit(s), 0 error(s), 0 left on base; Louisiana 0 - Hammond 0
BOTTOM OF THE 1ST
Hammond Herons batting - Pitching for Louisiana Dragoons : LHP Javier Browne
Pitching: LHP Javier Browne
Batting: RHB Jean Lechuga 0-0: Called Strike
0-1: Ball
1-1: DOUBLE (Line Drive, 78S)
Batting: LHB Wilson López 0-0: Ball
1-0: Swinging Strike
1-1: Ball
2-1: Foul Ball, location: 2F
2-2: Foul Ball, location: 2F
2-2: Ground out 4-3 (Groundball, 4)
Jean Lechuga to third
Batting: RHB Bill Rinck 0-0: SINGLE (Flyball, 8LS)
Jean Lechuga scores
Batting: LHB Marcos Costa 0-0: Ball
1-0: Foul Ball, location: 2F
1-1: Fielders Choice at 2nd, 4-6 (Groundball, 4)
Batting: RHB Sixto Estrada 0-0: Ball
Marcos Costa is caught stealing 2nd base
Bottom of the 1st over - 1 run(s), 2 hit(s), 0 error(s), 0 left on base; Louisiana 0 - Hammond 1
TOP OF THE 2ND
Louisiana Dragoons batting - Pitching for Hammond Herons : RHP Ernest Hawks
Batting: RHB José Luque 0-0: Ball
1-0: Foul Ball, location: 2F
1-1: Ball
2-1: Ball
3-1: Ground out 6-3 (Groundball, 6)
Batting: RHB Felipe Palazzola 0-0: Called Strike
0-1: Foul Ball, location: 2F
0-2: Strikes out swinging
Batting: RHB Nelson Muntz 0-0: Ball
1-0: Foul Ball, location: 2F
1-1: Ball
2-1: Ball
3-1: Swinging Strike
3-2: Foul Ball, location: 2F
3-2: Strikes out swinging
Top of the 2nd over - 0 run(s), 0 hit(s), 0 error(s), 0 left on base; Louisiana 0 - Hammond 1
BOTTOM OF THE 2ND
Hammond Herons batting - Pitching for Louisiana Dragoons : LHP Javier Browne
Batting: RHB Sixto Estrada 0-0: Ball
1-0: Ball
2-0: Ball
3-0: Base on Balls
Batting: RHB David Meléndez 0-0: Called Strike
0-1: Called Strike
0-2: Ball
1-2: Ball
2-2: Grounds into double play, 6-4-3 (Groundball, 6)
Batting: RHB Rex Scurlock 0-0: Ball
1-0: Called Strike
1-1: Foul Ball, location: 2F
Error on foul ball, E9
1-2: Strikes out swinging
Bottom of the 2nd over - 0 run(s), 0 hit(s), 1 error(s), 0 left on base; Louisiana 0 - Hammond 1
TOP OF THE 3RD
Louisiana Dragoons batting - Pitching for Hammond Herons : RHP Ernest Hawks
Batting: SHB Kilipaki Malamapono 0-0: Ball
1-0: Ball
2-0: Called Strike
2-1: Foul Ball, location: 2F
2-2: Ball
3-2: Strikes out swinging
Batting: RHB Carlos Ceslero 0-0: Ball
1-0: SINGLE (Groundball, 6MD)
Batting: SHB Ángel Costa 0-0: Ball
1-0: Swinging Strike
1-1: Ball
2-1: Swinging Strike
2-2: Ground out 4-3 (Groundball, 4MS)
Carlos Ceslero to second
Batting: SHB Ed Blackett 0-0: Foul Ball, location: 2F
0-1: Ball
1-1: Foul Ball, location: 2F
1-2: Foul Ball, location: 2F
1-2: Strikes out swinging
Top of the 3rd over - 0 run(s), 1 hit(s), 0 error(s), 1 left on base; Louisiana 0 - Hammond 1
BOTTOM OF THE 3RD
Hammond Herons batting - Pitching for Louisiana Dragoons : LHP Javier Browne
Batting: LHB Rubén Aracil 0-0: Ball
1-0: Ball
2-0: Called Strike
2-1: Ball
3-1: Swinging Strike
3-2: Foul Ball, location: 2F
3-2: SINGLE (Line Drive, 6D)
Batting: RHB Hirohisa Ogasawara 0-0: Ball
1-0: Foul Ball, location: 2F
1-1: Ball
2-1: Foul Ball, location: 2F
2-2: Strikes out looking
Batting: RHB Jean Lechuga 0-0: Called Strike
0-1: Ball
1-1: Foul Ball, location: 2F
1-2: Foul Ball, location: 2F
1-2: Foul Ball, location: 2F
1-2: Ball
2-2: Ball
3-2: Foul Ball, location: 2F
3-2: Strikes out swinging
Batting: LHB Wilson López 0-0: Reached on error, E6 (Groundball, 6)
Rubén Aracil to second
Batting: RHB Bill Rinck 0-0: Ball
1-0: Ball
2-0: Called Strike
2-1: Foul Ball, location: 2F
2-2: Foul Ball, location: 2F
2-2: Fly out, F4 (Popup, 4D)
Bottom of the 3rd over - 0 run(s), 1 hit(s), 1 error(s), 2 left on base; Louisiana 0 - Hammond 1
TOP OF THE 4TH
Louisiana Dragoons batting - Pitching for Hammond Herons : RHP Ernest Hawks
Batting: RHB Harry Gibson 0-0: Called Strike
0-1: Ball
1-1: Ball
2-1: Swinging Strike
2-2: Foul Ball, location: 2F
2-2: Strikes out swinging
Batting: RHB Holden Markoff 0-0: Ball
1-0: Ball
2-0: Ball
3-0: Base on Balls
Batting: RHB José Luque 0-0: Ball
1-0: Called Strike
1-1: Ball
2-1: Swinging Strike
2-2: Strikes out looking
Batting: RHB Felipe Palazzola 0-0: Swinging Strike
0-1: Ball
1-1: Ball
2-1: Called Strike
2-2: Strikes out looking
Top of the 4th over - 0 run(s), 0 hit(s), 0 error(s), 1 left on base; Louisiana 0 - Hammond 1
BOTTOM OF THE 4TH
Hammond Herons batting - Pitching for Louisiana Dragoons : LHP Javier Browne
Batting: LHB Marcos Costa 0-0: Ball
1-0: Called Strike
1-1: Ball
2-1: Swinging Strike
2-2: Fly out, F8 (Flyball, 8RM)
Batting: RHB Sixto Estrada 0-0: Ball
1-0: Fly out, F9 (Flyball, 9)
Batting: RHB David Meléndez 0-0: Ball
1-0: Fly out, F9 (Flyball, 9)
Bottom of the 4th over - 0 run(s), 0 hit(s), 0 error(s), 0 left on base; Louisiana 0 - Hammond 1
TOP OF THE 5TH
Louisiana Dragoons batting - Pitching for Hammond Herons : RHP Ernest Hawks
Batting: RHB Nelson Muntz 0-0: Called Strike
0-1: SINGLE (Line Drive, 9S)
Batting: SHB Kilipaki Malamapono 0-0: Bunted foul
0-1: Bunted foul
0-2: Ball
1-2: Grounds into double play, 4-6-3 (Groundball, 4)
Batting: RHB Carlos Ceslero 0-0: Called Strike
0-1: Swinging Strike
0-2: Ball
1-2: Strikes out swinging
Top of the 5th over - 0 run(s), 1 hit(s), 0 error(s), 0 left on base; Louisiana 0 - Hammond 1
BOTTOM OF THE 5TH
Hammond Herons batting - Pitching for Louisiana Dragoons : LHP Javier Browne
Batting: RHB Rex Scurlock 0-0: Ball
1-0: Swinging Strike
1-1: Ball
2-1: Swinging Strike
2-2: Ball
3-2: Foul Ball, location: 2F
3-2: Base on Balls
Batting: LHB Rubén Aracil 0-0: Sac Bunt - play at first, batter OUT! 1-4
Rex Scurlock to second
Batting: RHB Hirohisa Ogasawara 0-0: Ball
1-0: Called Strike
1-1: Ball
2-1: Ball
3-1: Foul Ball, location: 2F
3-2: Fly out, F7 (Line Drive, 7)
Batting: RHB Jean Lechuga 0-0: Intentional Walk
Pitching: RHP Bennett Swank
Batting: LHB Wilson López 0-0: Foul Ball, location: 2F
0-1: Foul Ball, location: 2F
0-2: Ball
1-2: Fielders Choice at 2nd, 4-6 (Groundball, 4)
Bottom of the 5th over - 0 run(s), 0 hit(s), 0 error(s), 1 left on base; Louisiana 0 - Hammond 1
TOP OF THE 6TH
Louisiana Dragoons batting - Pitching for Hammond Herons : RHP Ernest Hawks
Batting: SHB Ángel Costa 0-0: Ball
1-0: Ball
2-0: Ball
3-0: Called Strike
3-1: Base on Balls
Batting: SHB Ed Blackett 0-0: Called Strike
0-1: Called Strike
Ángel Costa steals 2nd base
0-2: Ball
1-2: SINGLE (Line Drive, 6M)
Ángel Costa to third
Runner from 3rd tries for Home, SAFE, no throw
Batting: RHB Harry Gibson 0-0: Bunted foul
0-1: Bunted foul
0-2: Ground out 5-3 (Groundball, 5S)
Ed Blackett to second
Batting: RHB Holden Markoff 0-0: Ball
1-0: Ball
2-0: Foul Ball, location: 2F
2-1: DOUBLE (Line Drive, 9LM)
Ed Blackett scores
Batting: RHB José Luque 0-0: Ball
1-0: Called Strike
1-1: Swinging Strike
1-2: Ball
2-2: Foul Ball, location: 2F
2-2: Fly out, F8 (Flyball, 8LM)
Batting: RHB Felipe Palazzola 0-0: Fly out, F8 (Flyball, 78M)
Top of the 6th over - 2 run(s), 2 hit(s), 0 error(s), 1 left on base; Louisiana 2 - Hammond 1
BOTTOM OF THE 6TH
Hammond Herons batting - Pitching for Louisiana Dragoons : RHP Bennett Swank
Batting: RHB Bill Rinck 0-0: Called Strike
0-1: Ground out 4-3 (Groundball, 4)
Batting: LHB Marcos Costa 0-0: Ball
1-0: Ground out 4-3 (Groundball, 34)
Batting: RHB Sixto Estrada 0-0: Called Strike
0-1: Foul Ball, location: 2F
0-2: Ground out 4-3 (Groundball, 4S)
Bottom of the 6th over - 0 run(s), 0 hit(s), 0 error(s), 0 left on base; Louisiana 2 - Hammond 1
TOP OF THE 7TH
Louisiana Dragoons batting - Pitching for Hammond Herons : RHP Ernest Hawks
Batting: RHB Nelson Muntz 0-0: Foul Ball, location: 2F
0-1: Foul Ball, location: 2F
0-2: Ball
1-2: Foul Ball, location: 2F
1-2: Strikes out swinging
Batting: SHB Kilipaki Malamapono 0-0: Called Strike
0-1: Ball
1-1: Ball
2-1: Foul Ball, location: 2F
2-2: Ground out 3-1 (Groundball, 34S)
Batting: RHB Carlos Ceslero 0-0: Ball
1-0: Called Strike
1-1: Swinging Strike
1-2: Ball
2-2: Ball
3-2: Base on Balls
Pinch Runner at 1st Reynaldo Padilla:
Pinch Hitting: RHB Domingo Colón 0-0: Ball
1-0: Called Strike
Reynaldo Padilla steals 2nd base
1-1: Called Strike
1-2: Ball
2-2: Ball
3-2: Strikes out swinging
Top of the 7th over - 0 run(s), 0 hit(s), 0 error(s), 1 left on base; Louisiana 2 - Hammond 1
BOTTOM OF THE 7TH
Hammond Herons batting - Pitching for Louisiana Dragoons : RHP Bennett Swank
Now at 1B: Domingo Colón
Now in RF: Reynaldo Padilla
Batting: RHB David Meléndez 0-0: Ball
1-0: Called Strike
1-1: Called Strike
1-2: Strikes out swinging
Batting: RHB Rex Scurlock 0-0: Ball
1-0: Called Strike
1-1: Ground out 5-3 (Groundball, 56)
Batting: LHB Rubén Aracil 0-0: Swinging Strike
0-1: Fly out, F7 (Line Drive, 78D)
Bottom of the 7th over - 0 run(s), 0 hit(s), 0 error(s), 0 left on base; Louisiana 2 - Hammond 1
TOP OF THE 8TH
Louisiana Dragoons batting - Pitching for Hammond Herons : RHP Ernest Hawks
Batting: SHB Ed Blackett 0-0: Called Strike
0-1: Swinging Strike
0-2: Fly out, F3 (Popup, 3L)
Batting: RHB Harry Gibson 0-0: Ground out 1-3 (Groundball, 13S)
Batting: RHB Holden Markoff 0-0: Ball
1-0: Ball
2-0: Ball
3-0: Called Strike
3-1: Ground out 4-3 (Groundball, 4S)
Top of the 8th over - 0 run(s), 0 hit(s), 0 error(s), 0 left on base; Louisiana 2 - Hammond 1
BOTTOM OF THE 8TH
Hammond Herons batting - Pitching for Louisiana Dragoons : RHP Bennett Swank
Pitching: RHP Cornelius Bigelow
Batting: RHB Hirohisa Ogasawara 0-0: Ball
1-0: Called Strike
1-1: Ball
2-1: Swinging Strike
2-2: Strikes out swinging
Batting: RHB Jean Lechuga 0-0: Called Strike
0-1: Swinging Strike
0-2: Ball
1-2: Fly out, F9 (Flyball, 9S)
Pitching: LHP Bettino Banditelli
Batting: LHB Wilson López 0-0: Called Strike
0-1: Ground out 4-3 (Groundball, 4)
Bottom of the 8th over - 0 run(s), 0 hit(s), 0 error(s), 0 left on base; Louisiana 2 - Hammond 1
TOP OF THE 9TH
Louisiana Dragoons batting - Pitching for Hammond Herons : RHP Ernest Hawks
Pitching: RHP Kelemeneke Balun
Batting: RHB José Luque 0-0: Foul Ball, location: 2F
0-1: Ground out 6-3 (Groundball, 6)
Batting: RHB Felipe Palazzola 0-0: Ball
1-0: Swinging Strike
1-1: Ground out 5-3 (Groundball, 56S)
Batting: RHB Nelson Muntz 0-0: Ball
1-0: Fly out, F6 (Line Drive, 6)
Top of the 9th over - 0 run(s), 0 hit(s), 0 error(s), 0 left on base; Louisiana 2 - Hammond 1
BOTTOM OF THE 9TH
Hammond Herons batting - Pitching for Louisiana Dragoons : LHP Bettino Banditelli
Pitching: RHP Gary Mason
Pinch Hitting: RHB Éric Leroux 0-0: Ball
1-0: Ball
2-0: Called Strike
2-1: Fly out, F8 (Flyball, 8LM)
Batting: LHB Marcos Costa 0-0: Ball
1-0: Called Strike
1-1: Ball
2-1: Swinging Strike
2-2: Foul Ball, location: 2F
2-2: Strikes out looking
Pinch Hitting: RHB Carlos González 0-0: SINGLE (Line Drive, 78S)
Pinch Runner at 1st Guillermo Montepeque:
Pinch Hitting: RHB Héctor Rivera 0-0: Ball
1-0: Called Strike
1-1: SINGLE (Groundball, 34D)
Guillermo Montepeque to second
Runner from 2nd tries for 3rd, SAFE, no throw
Batting: RHB Rex Scurlock 0-0: Ball
1-0: Called Strike
1-1: 3-RUN HOME RUN (Flyball, 78XD), Distance : 377 ft
Saturday, May 26th, 2018 - OOTP Baseball 17.12 Build 75